[Event "December 5 Early 2023"]
[Site "https://www.chess.com"]
[Date "2023.12.05"]
[Round "4"]
[White "Sokolovsky, Yahli"]
[Black "Hajiyev, Kanan"]
[Result "1-0"]
[Board "68"]
[TimeControl "180+1"]
[WhiteFideId "2820242"]
[BlackFideId "13404148"]
[WhiteElo "2757"]
[BlackElo "2552"]
[WhiteTeam "ISR"]
[BlackTeam "AZE"]
[WhiteClock "0:00:08"]
[BlackClock "0:00:06"]

1. b3 c6 2. Bb2 d5 3. e3 Nf6 4. d4 Bg4 5. Be2 Bxe2 6. Qxe2 e6 7. Nd2 Bd6 8. f4 a5 9. a4 Nbd7 10. Ngf3 Qc7 11. Ne5 O-O 12. O-O c5 13. Rac1 Bxe5 14. fxe5 Ne4 15. Nxe4 dxe4 16. Qg4 Qc6 17. c4 cxd4 18. exd4 Qb6 19. Qg3 f5 20. exf6 Nxf6 21. Kh1 Nh5 22. Qe3 Rf5 23. Ba3 Nf6 24. h3 Rd8 25. Bc5 Qc7 26. g4 Rxf1+ 27. Rxf1 h6 28. Ba3 Qb6 29. Bc5 Qc7 30. Kg2 e5 31. d5 Re8 32. Ba3 b5 33. axb5 a4 34. Qc5 Qxc5 35. Bxc5 axb3 36. Bd6 Ra8 37. Rb1 Ra2+ 38. Kg3 b2 39. Bxe5 Nd7 40. Bxb2 Ra4 41. Rc1 Rb4 42. Bd4 Rb3+ 43. Kf4 e3 44. Bxe3 g5+ 45. Ke4 Nf6+ 46. Kd4 Nd7 47. d6 Kf7 48. c5 Rxb5 49. c6 Nb6 50. c7 Rd5+ 51. Ke4 Rxd6 52. Bxb6 Re6+ 53. Kf3 Re8 54. c8=Q 1-0

[Event "December 5 Early 2023"]
[Site "https://www.chess.com"]
[Date "2023.12.05"]
[Round "4"]
[White "Shuvalov, Evgenij"]
[Black "Atakhan, Abtin"]
[Result "1-0"]
[Board "69"]
[TimeControl "180+1"]
[WhiteFideId "4187237"]
[BlackFideId "22502203"]
[WhiteElo "2549"]
[BlackElo "2738"]
[WhiteTeam "FID"]
[BlackTeam "IRI"]
[WhiteClock "0:00:11"]
[BlackClock "0:00:00"]

1. d4 Nf6 2. c4 g6 3. Nc3 d5 4. cxd5 Nxd5 5. e4 Nxc3 6. bxc3 Bg7 7. Nf3 c5 8. Bb5+ Nd7 9. O-O O-O 10. Be3 Qc7 11. Rc1 b6 12. d5 Bb7 13. c4 a6 14. Ba4 Rad8 15. Nd2 Ne5 16. Qe2 e6 17. f4 Nd7 18. dxe6 fxe6 19. e5 g5 20. Qg4 Rde8 21. Qxg5 Kh8 22. Bc2 Rg8 23. Qh5 Bh6 24. g3 Kg7 25. Be4 Nf8 26. Qxe8 Bc8 27. Qh5 Ng6 28. Nf3 Rf8 29. Rfd1 Bb7 30. Bxb7 Qxb7 31. Ng5 Bxg5 32. Qxg5 Rf5 33. Qd8 Rf7 34. Qd2 Qe4 35. Qf2 h5 36. Re1 Qf5 37. Qg2 Qd3 38. Bf2 h4 39. Red1 Qf5 40. Qf3 Nxe5 41. Qc3 Kh7 42. Qxe5 Qg4 43. Qe1 Qf3 44. Qf1 Rg7 45. Qg2 Qe2 46. Re1 Qb2 47. Rcd1 Rg6 48. Re5 Qc2 49. Rd7+ Kh8 50. Rh5+ 1-0

[Event "December 5 Early 2023"]
[Site "https://www.chess.com"]
[Date "2023.12.05"]
[Round "4"]
[White "Mejia, Giovanni"]
[Black "Gabrielian, Artur"]
[Result "0-1"]
[Board "70"]
[TimeControl "180+1"]
[WhiteFideId "5209498"]
[BlackFideId "4131002"]
[WhiteElo "2547"]
[BlackElo "2731"]
[WhiteTeam "PHI"]
[BlackTeam "RUS"]
[WhiteClock "0:00:19"]
[BlackClock "0:01:48"]

1. e4 c5 2. d3 Nc6 3. Be2 e6 4. f4 d5 5. Nf3 Bd6 6. O-O Nge7 7. Qe1 O-O 8. c3 f6 9. Qg3 Qc7 10. Na3 a6 11. Nh4 b5 12. Bg4 dxe4 13. dxe4 f5 14. Bf3 fxe4 15. Bxe4 Nf5 16. Qh3 Bd7 17. Nc2 Rae8 18. Ne3 Nce7 19. Ng4 Nxh4 20. Qxh4 Nf5 21. Qh3 Bc6 22. Bc2 c4 23. Bd2 Rd8 24. Rad1 Qb7 25. Ne5 Bxe5 26. fxe5 Be4 27. Bxe4 Qxe4 28. Rfe1 Qc2 0-1

[Event "December 5 Early 2023"]
[Site "https://www.chess.com"]
[Date "2023.12.05"]
[Round "4"]
[White "Matinian, Nikita"]
[Black "Santos Flores, Alberto"]
[Result "0-1"]
[Board "71"]
[TimeControl "180+1"]
[WhiteFideId "24129100"]
[BlackFideId "3601234"]
[WhiteElo "2727"]
[BlackElo "2545"]
[WhiteTeam "FID"]
[BlackTeam "ECU"]
[WhiteClock "0:00:00"]
[BlackClock "0:00:44"]

1. e4 e6 2. d4 d5 3. Nc3 Bb4 4. e5 Qd7 5. h4 b6 6. h5 Ba6 7. Bxa6 Nxa6 8. Bd2 Ne7 9. Qg4 Nf5 10. Nge2 O-O-O 11. a4 Kb7 12. Rh3 c5 13. Nb5 Bxd2+ 14. Kxd2 Nc7 15. dxc5 Nxb5 16. axb5 Qxb5 17. Rha3 Ra8 18. Qa4 Qxa4 19. Rxa4 bxc5 20. g4 Ne7 21. Ra5 c4 22. Nd4 a6 23. f4 Rhc8 24. b4 Nc6 25. Nxc6 Rxc6 26. c3 Rb6 27. Ke3 Rb5 28. Rxb5+ axb5 29. Rxa8 Kxa8 30. Kd4 Kb7 31. Kc5 Ka6 32. g5 h6 33. g6 fxg6 34. hxg6 Kb7 35. Kd6 d4 36. cxd4 c3 37. d5 c2 38. Kxe6 c1=Q 39. d6 Qxf4 40. d7 Kc7 0-1

[Event "December 5 Early 2023"]
[Site "https://www.chess.com"]
[Date "2023.12.05"]
[Round "4"]
[White "Sahakyan, Aleks"]
[Black "Rangel, Daniel"]
[Result "1-0"]
[Board "72"]
[TimeControl "180+1"]
[WhiteFideId "13316338"]
[BlackFideId "2124475"]
[WhiteElo "2725"]
[BlackElo "2544"]
[WhiteTeam "ARM"]
[BlackTeam "BRA"]
[WhiteClock "0:00:05"]
[BlackClock "0:00:03"]

1. e4 e5 2. Nf3 Nc6 3. Bb5 a6 4. Ba4 d6 5. O-O Bd7 6. c3 g6 7. d4 Bg7 8. Bg5 f6 9. Be3 h6 10. Nbd2 Nge7 11. Bb3 Na5 12. Bc2 O-O 13. d5 b6 14. b4 Nb7 15. Ne1 f5 16. f3 f4 17. Bf2 g5 18. Nd3 h5 19. c4 Ng6 20. c5 bxc5 21. bxc5 dxc5 22. Nxc5 Nxc5 23. Bxc5 Rf6 24. Bb3 Kh7 25. Nc4 g4 26. Rc1 g3 27. Ba4 gxh2+ 28. Kh1 Bb5 29. Rf2 Bf8 30. Na5 Bd6 31. Rfc2 Qg8 32. Nb7 Nh4 33. Bxb5 axb5 34. Qe1 Qg5 35. Qf2 Rg6 36. Bxd6 cxd6 37. Rc8 Rxc8 38. Rxc8 Nxg2 39. Rc7+ Kh6 40. Nxd6 Qf6 41. Nf5+ Qxf5 42. exf5 Rg5 43. Qxg2 Rxg2 44. Kxg2 h1=Q+ 45. Kxh1 Kg5 46. d6 Kf6 47. d7 e4 48. d8=Q+ 1-0

[Event "December 5 Early 2023"]
[Site "https://www.chess.com"]
[Date "2023.12.05"]
[Round "4"]
[White "Tifferet, Shakked"]
[Black "Pourramezanali, Amirreza"]
[Result "1-0"]
[Board "73"]
[TimeControl "180+1"]
[WhiteFideId "2811529"]
[BlackFideId "12511412"]
[WhiteElo "2544"]
[BlackElo "2719"]
[WhiteTeam "ISR"]
[BlackTeam "IRI"]
[WhiteClock "0:00:06"]
[BlackClock "0:00:09"]

1. e4 e6 2. b3 d5 3. Bb2 dxe4 4. Nc3 Nf6 5. Qe2 Nc6 6. Nxe4 Be7 7. O-O-O a5 8. g4 a4 9. g5 Nxe4 10. Qxe4 Bxg5 11. Bxg7 Bf6 12. Bxh8 Bxh8 13. bxa4 Qd6 14. Qd3 Qe5 15. Qc3 Nd4 16. Ne2 Qd5 17. Nxd4 Bxd4 18. Bg2 Qd6 19. Qb3 Bd7 20. c3 Bxf2 21. Rhf1 Bc5 22. Qxb7 Ra7 23. Qb8+ Ke7 24. d4 Ba3+ 25. Kb1 Qb6+ 26. Qxb6 cxb6 27. d5 Bxa4 28. Rde1 Bb5 29. Rf4 Bd3+ 30. Ka1 Bd6 31. Rd4 Bg6 32. dxe6 fxe6 33. Be4 Bf7 34. Bxh7 Bxh2 35. Rd2 Bd6 36. Rde2 Ra5 37. Kb1 Rc5 38. Rb2 Bc7 39. Re3 Rh5 40. Be4 Rg5 41. a3 Rg1+ 42. Kc2 Bf4 43. Re2 e5 44. Rxb6 Bc4 45. Rg2 Ra1 46. Rg7+ Kf8 47. Rh7 Ra2+ 48. Rb2 Rxb2+ 49. Kxb2 Ke8 50. a4 Kd8 51. a5 Be3 52. Rg7 Kc8 53. Ka3 Bc5+ 54. Ka4 Kb8 55. Rh7 Be2 56. Rb7+ Kc8 57. Rg7 Kb8 58. Kb3 Ba6 59. c4 Bd4 60. Rh7 Kc8 61. Kb4 Kb8 62. c5 Be3 63. c6 Bd2+ 64. Kc5 Bxa5 65. c7+ Bxc7 66. Rh8+ Bc8 67. Bf5 Ka7 68. Rxc8 Kb7 69. Re8 Bb6+ 70. Kb5 Bd4 71. Re7+ Kb8 72. Re6 Kc7 73. Rc6+ Kd8 74. Kc4 Ke7 75. Kd5 Kf7 76. Be4 Ke7 77. Re6+ Kf7 78. Rg6 Ke7 79. Rg4 Kf6 80. Rg2 Ke7 81. Rg6 Kf7 82. Ra6 Ke7 83. Ra5 Kf7 84. Rb5 Kf6 85. Kd6 Kg5 86. Rb8 Kf4 87. Kd5 Ke3 88. Rf8 Kd2 89. Rf3 Ke2 90. Kc4 Kd2 91. Rd3+ Ke2 92. Bf3+ Kf2 93. Kd5 Kg3 94. Ke4 Kh4 95. Rd2 Kg5 96. Rg2+ Kf6 97. Bh5 Ke6 98. Rg6+ Kd7 99. Kd5 Kc7 100. Be2 Kb7 101. Bb5 Kc7 102. Bc6 Kb6 103. Rg7 Ka6 104. Rb7 Ka5 105. Rb1 Ka6 106. Kd6 Ka5 107. Rb5+ Ka4 108. Rxe5+ Kb4 109. Rd5 Kc3 110. Ke6 Kd3 111. Bd7 Ke3 112. Be8 Kd3 113. Bf7 Ke3 114. Kd6 Kd3 115. Be6 Ke3 116. Kc6 Kd3 117. Rd7 Ke4 118. Bd5+ Ke5 119. Bc4 Ke4 120. Rd5 Ke3 121. Kd6 Ke4 122. Ke6 Be3 123. Rf5 Bd4 124. Bd5+ Kd3 125. Rf3+ Be3 126. Kd6 Kd4 127. Rh3 Bf4+ 128. Ke6 Be3 129. Bc6 Bf2 130. Rh5 Be3 131. Rd5+ Kc4 132. Kf5 Bc5 133. Ke4 Kb4 134. Bd7 Kc4 135. Be6 Kb4 136. Rd7 Kb5 137. Kd5 Bb6 138. Rb7 Ka6 139. Kc6 Bf2 140. Rb5 Be3 141. Bc8+ Ka7 142. Rb7+ Ka8 143. Rf7 Bd4 144. Rf8 Ka7 145. Bb7 Be5 146. Ra8# 1-0

[Event "December 5 Early 2023"]
[Site "https://www.chess.com"]
[Date "2023.12.05"]
[Round "4"]
[White "Karthik Rajaa"]
[Black "Osmak, Yuliia"]
[Result "1/2-1/2"]
[Board "74"]
[TimeControl "180+1"]
[WhiteFideId "25035215"]
[BlackFideId "14101602"]
[WhiteElo "2718"]
[BlackElo "2544"]
[WhiteTeam "IND"]
[BlackTeam "UKR"]
[WhiteClock "0:00:10"]
[BlackClock "0:00:06"]

1. Nf3 d5 2. c4 dxc4 3. Na3 Nf6 4. Nxc4 c5 5. g3 b5 6. Nce5 Bb7 7. Bg2 Qc8 8. a4 b4 9. a5 e6 10. Qa4+ Nbd7 11. a6 Bd5 12. d3 Rb8 13. Bg5 Be7 14. Rc1 h6 15. Bf4 Rb6 16. e4 Ba8 17. Ra1 O-O 18. Nc4 Rc6 19. Nfd2 Nb8 20. Bxb8 Qxb8 21. O-O Rd8 22. e5 Nd5 23. Ne4 Nb6 24. Nxb6 Rxb6 25. f4 Rxd3 26. Rad1 Rxd1 27. Rxd1 Bd5 28. Qd7 Bf8 29. Nd6 Bxd6 30. Bxd5 exd5 31. exd6 Rxd6 32. Qb7 Qxb7 33. axb7 Rb6 34. Rxd5 Rxb7 35. Rxc5 g6 36. Kf2 Kg7 37. Ke3 Re7+ 38. Kd3 h5 39. Rb5 Rd7+ 40. Ke3 Re7+ 41. Kd2 Rd7+ 42. Ke2 Rc7 43. Rxb4 Rc2+ 44. Kf3 Rxh2 45. Rb7 a5 46. b3 Rb2 47. Rb5 Ra2 48. Rb6 Ra3 49. Kg2 Kh6 50. Kh3 Kg7 51. Rb7 Kf6 52. Rb6+ Ke7 53. Rb7+ Ke6 54. Rb6+ Kf5 55. Rb5+ Ke4 56. Rb7 f6 57. Rb6 f5 58. Rxg6 Rxb3 59. Ra6 Ra3 60. Kh4 a4 61. Ra8 Ra1 62. Kxh5 a3 63. Kg5 a2 64. Ra4+ Kf3 65. Kxf5 Kxg3 66. Ra8 Kf3 67. Ra3+ Ke2 68. Ra4 Kd3 69. Kf6 Kc3 70. Ra8 Kb3 71. Rb8+ Kc4 72. Ra8 Kd3 73. f5 Ke4 74. Ra4+ Kd3 75. Ra8 Kc4 76. Rc8+ Kb3 77. Rb8+ Kc4 78. Ra8 Kb4 79. Rb8+ Kc3 80. Ra8 Kb2 81. Rb8+ Kc3 82. Rc8+ Kd4 83. Ra8 Kc4 84. Rc8+ Kb3 85. Rb8+ Kc3 1/2-1/2

[Event "December 5 Early 2023"]
[Site "https://www.chess.com"]
[Date "2023.12.05"]
[Round "4"]
[White "Yelisieiev, Yevhenii"]
[Black "Kozak, Antoni"]
[Result "1-0"]
[Board "75"]
[TimeControl "180+1"]
[WhiteFideId "14139642"]
[BlackFideId "21832030"]
[WhiteElo "2534"]
[BlackElo "2716"]
[WhiteTeam "GER"]
[BlackTeam "POL"]
[WhiteClock "0:00:18"]
[BlackClock "0:00:11"]

1. d4 Nf6 2. Nf3 d5 3. c4 e6 4. Nc3 Ne4 5. Qc2 Nxc3 6. Qxc3 a5 7. Bg5 Qxg5 8. Nxg5 Bb4 9. e3 Ke7 10. Rc1 Bxc3+ 11. Rxc3 c6 12. f4 Nd7 13. c5 f6 14. Nf3 e5 15. fxe5 fxe5 16. Be2 e4 17. Nd2 Nf6 18. O-O a4 19. Bd1 Bg4 20. Rxf6 Bxd1 21. Rf2 Rhf8 22. h3 g5 23. Nf1 Rxf2 24. Kxf2 Rf8+ 25. Ke1 Bh5 26. Ra3 Ra8 27. Nd2 Bg6 28. Nb1 Kd7 29. Nc3 Kc7 30. Rxa4 Rg8 31. b4 Bf5 32. b5 g4 33. h4 g3 34. bxc6 Kxc6 35. Rb4 Bh3 36. Rb6+ Kd7 37. Nxd5 Rg7 38. Nf4 Bg4 39. Rxb7+ 1-0

[Event "December 5 Early 2023"]
[Site "https://www.chess.com"]
[Date "2023.12.05"]
[Round "4"]
[White "Pakleza, Zbigniew"]
[Black "Kozlov, Gennady"]
[Result "0-1"]
[Board "76"]
[TimeControl "180+1"]
[WhiteFideId "1119290"]
[BlackFideId "4191668"]
[WhiteElo "2713"]
[BlackElo "2540"]
[WhiteTeam "POL"]
[BlackTeam "ESP"]
[WhiteClock "0:00:00"]
[BlackClock "0:01:28"]

1. d4 e6 2. Nf3 Nf6 3. Bf4 b6 4. e3 Bb7 5. h3 Be7 6. Nbd2 O-O 7. Bd3 c5 8. c3 d5 9. O-O Nc6 10. Bh2 Bd6 11. Ne5 Bxe5 12. dxe5 Nd7 13. f4 c4 14. Bc2 Nc5 15. Nf3 Ne4 16. Qe1 Ne7 17. g4 Qc7 18. Bg3 Qc5 19. Kh2 b5 20. a3 a5 21. Bh4 Nc6 22. Ng5 Ne7 23. Rd1 Ng6 24. Rd4 Nxg5 25. Bxg5 b4 26. h4 Rfb8 27. h5 Nf8 28. f5 Nd7 29. e4 dxe4 30. Rxd7 Qxe5+ 31. Qg3 Qb5 32. fxe6 fxe6 33. Rff7 Qxg5 34. Rxg7+ Qxg7 35. Rxg7+ Kxg7 36. Qe5+ Kf7 37. h6 bxc3 38. bxc3 Bd5 39. Bxe4 Rb2+ 40. Kg3 Bxe4 41. Qxe4 Rh8 42. Qe5 Rg8 43. g5 Rg6 44. Qc7+ Kg8 45. Qd8+ Kf7 46. Qd7+ Kf8 47. Qxh7 Rxg5+ 48. Kf4 Rf5+ 49. Ke3 Rg2 50. Qc7 Rg8 51. h7 Rh8 52. Qd7 Rf7 53. Qxe6 Re7 54. Qxe7+ Kxe7 55. Kd4 Rxh7 0-1

[Event "December 5 Early 2023"]
[Site "https://www.chess.com"]
[Date "2023.12.05"]
[Round "4"]
[White "Arabidze, Meri"]
[Black "Kotyk, Michael"]
[Result "1-0"]
[Board "77"]
[TimeControl "180+1"]
[WhiteFideId "13604040"]
[BlackFideId "16214501"]
[WhiteElo "2705"]
[BlackElo "2528"]
[WhiteTeam "GEO"]
[BlackTeam "GER"]
[WhiteClock "0:00:31"]
[BlackClock "0:00:30"]

1. b3 e5 2. Bb2 Nc6 3. e3 d5 4. Nf3 e4 5. Nd4 Nxd4 6. Bxd4 Nf6 7. c4 c5 8. Bxf6 gxf6 9. Nc3 dxc4 10. Bxc4 Bf5 11. Qh5 Bg6 12. Bb5+ Ke7 13. Qxc5+ Qd6 14. Qxd6+ Kxd6 15. Bc4 f5 16. h4 h5 17. g3 Bg7 18. Rc1 a6 19. a4 Rac8 20. O-O Rhd8 21. Ne2 Ke7 22. Rfd1 Rc5 23. Nf4 b5 24. axb5 axb5 25. Be2 Rdc8 26. Rxc5 Rxc5 27. Bxh5 Bxh5 28. Nxh5 Be5 29. d4 exd3 30. Rxd3 b4 31. Kf1 Rc1+ 32. Ke2 Bc3 33. Nf4 Rb1 34. Nd5+ Ke6 35. Nxc3 Rb2+ 36. Kf3 Rxb3 37. Ne2 1-0

[Event "December 5 Early 2023"]
[Site "https://www.chess.com"]
[Date "2023.12.05"]
[Round "4"]
[White "1mbl4"]
[Black "Boyer, Mahel"]
[Result "1-0"]
[Board "78"]
[TimeControl "180+1"]
[BlackFideId "45102422"]
[WhiteElo "2525"]
[BlackElo "2704"]
[BlackTeam "FRA"]
[WhiteClock "0:01:48"]
[BlackClock "0:00:00"]

1. d4 d6 2. e4 Nf6 3. Nc3 c6 4. f4 Qa5 5. Bd3 e5 6. Nf3 exd4 7. Nxd4 g6 8. Be3 Bg7 9. h3 O-O 10. O-O Re8 11. Qf3 Nbd7 12. a3 Qc7 13. b4 a5 14. Rab1 axb4 15. axb4 Ra3 16. Ndb5 cxb5 17. Nxb5 Qc6 18. Nxa3 Nxe4 19. b5 Qd5 20. Bc4 Qf5 21. Rbe1 d5 22. g4 Qf6 23. Bxd5 Nc3 24. Nc4 Nxd5 25. Qxd5 Qh4 26. Bf2 Rf8 27. Bxh4 1-0

[Event "December 5 Early 2023"]
[Site "https://www.chess.com"]
[Date "2023.12.05"]
[Round "4"]
[White "Chernomordik, Pavel"]
[Black "Paltrinieri, Nicholas"]
[Result "1-0"]
[Board "79"]
[TimeControl "180+1"]
[WhiteFideId "2804530"]
[BlackFideId "828262"]
[WhiteElo "2524"]
[BlackElo "2703"]
[WhiteTeam "ISR"]
[BlackTeam "ITA"]
[WhiteClock "0:00:21"]
[BlackClock "0:00:02"]

1. e4 g6 2. d4 Bg7 3. Nc3 d6 4. f4 a6 5. Nf3 e6 6. Bd3 Ne7 7. a4 b6 8. O-O Bb7 9. Be3 Nd7 10. Qe1 c5 11. Rd1 Qc7 12. f5 exf5 13. exf5 Bxf3 14. Rxf3 cxd4 15. Be4 dxc3 16. Bxa8 O-O 17. Be4 cxb2 18. fxg6 hxg6 19. Qh4 Re8 20. Rh3 Nf6 21. Bd3 Nh5 22. g4 Nf6 23. Rf3 Nfd5 24. Bg5 Nc3 25. Bf6 Qc5+ 26. Kg2 Nxd1 27. Bxg7 Kxg7 28. Qf6+ Kh6 29. Rh3+ Qh5 30. g5+ Kh7 31. Rxh5+ Kg8 32. Rh8# 1-0

[Event "December 5 Early 2023"]
[Site "https://www.chess.com"]
[Date "2023.12.05"]
[Round "4"]
[White "Hambleton, Aman"]
[Black "Eugene, Floryan"]
[Result "1-0"]
[Board "80"]
[TimeControl "180+1"]
[WhiteFideId "2606577"]
[BlackFideId "20694784"]
[WhiteElo "2701"]
[BlackElo "2523"]
[WhiteTeam "CAN"]
[BlackTeam "FRA"]
[WhiteClock "0:00:10"]
[BlackClock "0:00:06"]

1. d4 f5 2. c4 Nf6 3. h4 e6 4. g3 b6 5. Bg2 Ne4 6. Nd2 Bb7 7. Nxe4 Bxe4 8. Bxe4 fxe4 9. Bg5 Bb4+ 10. Kf1 Be7 11. Qc2 d5 12. Nh3 O-O 13. Nf4 Bxg5 14. hxg5 Qd7 15. Rc1 c6 16. cxd5 exd5 17. Kg2 a5 18. e3 Ra7 19. Rh4 Qd6 20. Rch1 g6 21. a3 Rg7 22. Qb3 Nd7 23. a4 Qe7 24. Rg4 Rf5 25. Qc3 Nb8 26. Nh3 Rgf7 27. Rb1 Qf8 28. Rf4 Qd6 29. b4 axb4 30. Qxb4 Qxb4 31. Rxb4 Nd7 32. g4 Rxf4 33. Nxf4 Rf8 34. Rb2 Ra8 35. Rc2 Nb8 36. Rb2 Nd7 37. Rc2 Nb8 38. Ra2 Kf7 39. f3 exf3+ 40. Kxf3 Ke7 41. Rh2 Rxa4 42. Rxh7+ Kd6 43. Nxg6 Nd7 44. Rh6 Kc7 45. Ne7 c5 46. Nxd5+ Kb7 47. g6 Ra8 48. Rh7 Kc6 49. Ne7+ Kd6 50. Nf5+ Ke6 51. Re7+ Kf6 52. Rxd7 c4 53. Rd6+ Kg5 54. Rxb6 Rc8 55. Rb2 c3 56. Rc2 Kxg6 57. Nd6 Rc6 58. Ne4 Rc8 59. Rxc3 Rf8+ 60. Ke2 Re8 61. Kd3 Rb8 62. Rc6+ Kf7 63. d5 Rb1 64. Kd4 Rd1+ 65. Ke5 Rg1 66. g5 Rg4 67. Kf5 Rg1 68. Rc7+ Kg8 69. d6 Rf1+ 70. Kg6 Rf8 71. Nf6+ Rxf6+ 72. gxf6 1-0

[Event "December 5 Early 2023"]
[Site "https://www.chess.com"]
[Date "2023.12.05"]
[Round "4"]
[White "Slade, Theodore"]
[Black "Novozhilov, Semen"]
[Result "0-1"]
[Board "81"]
[TimeControl "180+1"]
[WhiteFideId "426547"]
[BlackFideId "24289167"]
[WhiteElo "2522"]
[BlackElo "2700"]
[WhiteTeam "ENG"]
[BlackTeam "RUS"]
[WhiteClock "0:00:00"]
[BlackClock "0:00:47"]

1. d4 Nf6 2. c4 e6 3. g3 c5 4. d5 exd5 5. cxd5 d6 6. Nc3 g6 7. Bg2 Bg7 8. Nf3 O-O 9. O-O Re8 10. Bf4 h6 11. h3 a6 12. a4 Ne4 13. Nxe4 Rxe4 14. Nd2 Rb4 15. b3 g5 16. Be3 Nd7 17. Rc1 b5 18. axb5 axb5 19. Ne4 Qe7 20. Qc2 Ra3 21. Rb1 f5 22. Nc3 c4 23. Na2 Rbxb3 24. Rxb3 Rxb3 25. Qxf5 Qf7 26. Qe6 Qxe6 27. dxe6 Nc5 28. Bxc5 dxc5 29. Bd5 Kf8 30. Rd1 Ke7 31. f4 gxf4 32. gxf4 Bxe6 33. Bxe6 Kxe6 34. e4 Bd4+ 35. Kh2 Rb2+ 36. Kg3 Rxa2 37. Kh4 Rg2 38. f5+ Kf6 39. Kh5 c3 0-1

[Event "December 5 Early 2023"]
[Site "https://www.chess.com"]
[Date "2023.12.05"]
[Round "4"]
[White "Csonka, Balazs"]
[Black "Devaev, Alexander"]
[Result "1-0"]
[Board "82"]
[TimeControl "180+1"]
[WhiteFideId "742910"]
[BlackFideId "4169395"]
[WhiteElo "2691"]
[BlackElo "2510"]
[WhiteTeam "HUN"]
[BlackTeam "RUS"]
[WhiteClock "0:00:12"]
[BlackClock "0:00:00"]

1. e4 c6 2. d4 d5 3. Nd2 dxe4 4. Nxe4 Bf5 5. Ng3 Bg6 6. h4 h6 7. Nf3 Nd7 8. h5 Bh7 9. Bd3 Bxd3 10. Qxd3 Qc7 11. Bd2 e6 12. O-O-O Ngf6 13. Ne4 O-O-O 14. Kb1 c5 15. Rh4 c4 16. Qe2 Nd5 17. Nc3 Nxc3+ 18. Bxc3 Nf6 19. Ne5 b5 20. Ba5 Qxa5 21. Nxf7 Bd6 22. Qxe6+ Kc7 23. Nxh8 Rxh8 24. Qf7+ Nd7 25. Qxg7 Rf8 26. Qxh6 Rxf2 27. Qg5 c3 28. Rh3 cxb2 29. h6 Bf4 30. Qf5 Rd2 31. Qxf4+ Kb7 32. Qxd2 1-0

[Event "December 5 Early 2023"]
[Site "https://www.chess.com"]
[Date "2023.12.05"]
[Round "4"]
[White "Leyva Proenza, Richard"]
[Black "Nigalidze, Gaioz"]
[Result "0-1"]
[Board "83"]
[TimeControl "180+1"]
[WhiteFideId "3500985"]
[BlackFideId "13603078"]
[WhiteElo "2503"]
[BlackElo "2689"]
[WhiteTeam "VEN"]
[BlackTeam "GEO"]
[WhiteClock "0:00:17"]
[BlackClock "0:00:52"]

1. e4 c5 2. Nf3 d6 3. d4 cxd4 4. Nxd4 Nf6 5. Nc3 a6 6. Bc4 e6 7. Bb3 b5 8. f3 Qc7 9. Be3 Nbd7 10. Qd2 Nc5 11. a3 Nxb3 12. cxb3 Bb7 13. b4 Be7 14. Rc1 Qd7 15. Nb3 Rc8 16. O-O O-O 17. Rfd1 Rfd8 18. Bb6 Rf8 19. Qf2 Ba8 20. Rd2 Qb7 21. Na5 Qb8 22. Ba7 Qc7 23. Bb6 Qb8 24. Ba7 Qc7 25. Rdc2 Qd7 26. Rd1 Nh5 27. Rcd2 Qc7 28. Bb6 Qb8 29. Ba7 Qc7 30. Qb6 Qxb6+ 31. Bxb6 Nf6 32. Bd4 Nd7 33. Be3 Rfd8 34. Kf2 g5 35. h3 h6 36. Rc2 Ne5 37. Ke2 Kf8 38. Rdc1 Ke8 39. Bb6 Rd7 40. Nd1 Rxc2+ 41. Rxc2 Bb7 42. Ne3 Bd8 43. Bxd8 Kxd8 44. Rc1 Rc7 45. Rh1 Ke7 46. Kd2 Bc8 47. h4 Bd7 48. hxg5 hxg5 49. Rh8 Be8 50. Rh5 Kf6 51. Rh6+ Kg7 52. Rh1 Ng6 53. Rd1 Kf6 54. Rh1 Ke5 55. Rh2 Kf4 56. Rh8 Nxh8 0-1

[Event "December 5 Early 2023"]
[Site "https://www.chess.com"]
[Date "2023.12.05"]
[Round "4"]
[White "Danielyan, Vahe"]
[Black "Kopczynski, Michal"]
[Result "1-0"]
[Board "84"]
[TimeControl "180+1"]
[WhiteFideId "13304828"]
[BlackFideId "1124200"]
[WhiteElo "2680"]
[BlackElo "2500"]
[WhiteTeam "ARM"]
[BlackTeam "POL"]
[WhiteClock "0:00:18"]
[BlackClock "0:00:12"]

1. e4 b6 2. d4 Bb7 3. Nc3 e6 4. Nf3 Nf6 5. Bd3 d5 6. e5 Nfd7 7. O-O c5 8. Be3 Nc6 9. Bb5 Qc7 10. Ne2 O-O-O 11. c3 h6 12. a4 f5 13. a5 Nxa5 14. b4 Nc6 15. bxc5 bxc5 16. Qa4 Nb6 17. Qa2 Kd7 18. dxc5 Nc8 19. c4 Ke7 20. cxd5 Rxd5 21. Nf4 Nxe5 22. Nxe5 Rxe5 23. Ng6+ Kf7 24. Nxh8+ Kg8 25. Ng6 Re4 26. c6 Ba8 27. Rfd1 Bd6 28. h3 Kh7 29. Qa5 Qxa5 30. Rxa5 Kxg6 31. Bxa7 Re5 32. Bd4 Rxb5 33. Rxb5 Bxc6 34. Rb2 Bd5 35. Rc1 Ne7 36. Re2 Kf7 37. Bc5 Bf4 38. Ra1 Nc6 39. Rb1 Ne5 40. f3 Bg3 41. Bf2 Bf4 42. Be3 Bg3 43. Ra1 g5 44. Ra7+ Kg6 45. Ra6 h5 46. Bd4 Kf6 47. Ra3 g4 48. Rae3 gxf3 49. gxf3 Bf4 50. Bxe5+ Bxe5 51. Rxe5 Bxf3 52. Re1 Be4 53. R5xe4 fxe4 54. Rxe4 Kf5 55. Re2 Kf4 56. Rxe6 Kg3 57. Re3+ Kh4 58. Kg2 Kg5 59. Kf3 Kh4 60. Kg2 Kg5 61. Kg3 Kf5 62. Rd3 Kg5 63. Rd5+ Kg6 64. Kh4 1-0

[Event "December 5 Early 2023"]
[Site "https://www.chess.com"]
[Date "2023.12.05"]
[Round "4"]
[White "Kuderinov, Kirill"]
[Black "Sreyas Payyappat"]
[Result "0-1"]
[Board "85"]
[TimeControl "180+1"]
[WhiteFideId "13701568"]
[BlackFideId "46674969"]
[WhiteElo "2674"]
[BlackElo "2497"]
[WhiteTeam "KAZ"]
[BlackTeam "IND"]
[WhiteClock "0:00:05"]
[BlackClock "0:00:12"]

1. e4 c6 2. d4 d5 3. e5 Bf5 4. Nf3 e6 5. Nbd2 Ne7 6. Be2 Ng6 7. Nf1 Na6 8. h3 Be4 9. Ng3 Nb4 10. Nxe4 dxe4 11. Ng5 Qxd4 12. O-O Qxe5 13. c3 Nd5 14. Qb3 Be7 15. Nxf7 Kxf7 16. f4 exf3 17. Bxf3 Nf6 18. Qxb7 Rhf8 19. b4 Kg8 20. Bb2 Nd5 21. Rae1 Qg3 22. Rxe6 Nh4 23. Rxe7 Nxe7 24. Qxe7 Rxf3 25. Rxf3 Qxg2# 0-1

[Event "December 5 Early 2023"]
[Site "https://www.chess.com"]
[Date "2023.12.05"]
[Round "4"]
[White "Souleidis, Georgios"]
[Black "Tan, Jonathan"]
[Result "1/2-1/2"]
[Board "86"]
[TimeControl "180+1"]
[WhiteFideId "4206827"]
[BlackFideId "5200482"]
[WhiteElo "2672"]
[BlackElo "2496"]
[WhiteTeam "GRE"]
[BlackTeam "PHI"]
[WhiteClock "0:00:08"]
[BlackClock "0:00:22"]

1. e4 g6 2. d4 Bg7 3. Nc3 c6 4. Nf3 d5 5. h3 Nf6 6. e5 Ne4 7. Nxe4 dxe4 8. Ng5 c5 9. d5 Bxe5 10. Nxe4 Bf5 11. Ng3 Qd6 12. Nxf5 gxf5 13. Bd3 f4 14. c3 Nd7 15. O-O Qxd5 16. Qe2 f3 17. Qxf3 Qxf3 18. gxf3 O-O-O 19. Re1 Bd6 20. Kf1 Ne5 21. Be2 Ng6 22. Be3 b6 23. a4 Rhg8 24. a5 Nf4 25. axb6 axb6 26. Ra8+ Kc7 27. Rxd8 Rxd8 28. h4 e6 29. Rd1 Nxe2 30. Kxe2 h5 31. Bg5 Ra8 32. Kd3 b5 33. Kc2 Ra4 34. Rg1 Be5 35. Rd1 f6 36. Be3 Kc6 37. Rh1 b4 38. Kb3 Ra8 39. cxb4 cxb4 40. Rc1+ Kd5 41. Rd1+ Kc6 42. Rc1+ Kd7 43. Rc4 Bd6 44. Bd2 Rb8 45. Bxb4 Rb5 46. Kc3 Bxb4+ 47. Rxb4 Rf5 48. f4 e5 49. fxe5 fxe5 50. Rb5 Ke6 51. Rb6+ Kd5 52. Rh6 Rf3+ 53. Kb4 Rxf2 54. b3 Rf4+ 55. Ka5 Rxh4 56. b4 Rh1 57. b5 e4 58. Rh8 e3 59. Re8 Kd4 60. b6 Ra1+ 61. Kb5 Rb1+ 62. Kc6 Kd3 63. Rd8+ Kc2 64. Re8 Kd2 65. Rd8+ Ke1 66. Rd5 h4 67. Rh5 e2 68. Rxh4 Kd2 69. Rh2 Rc1+ 70. Kd7 Rb1 71. Kc7 Kd1 72. Rxe2 Kxe2 73. b7 Rxb7+ 74. Kxb7 1/2-1/2

[Event "December 5 Early 2023"]
[Site "https://www.chess.com"]
[Date "2023.12.05"]
[Round "4"]
[White "Shishkov, Andrei"]
[Black "Mgeladze, Tamaz"]
[Result "1/2-1/2"]
[Board "87"]
[TimeControl "180+1"]
[WhiteFideId "4500563"]
[BlackFideId "13601202"]
[WhiteElo "2487"]
[BlackElo "2670"]
[WhiteTeam "EST"]
[BlackTeam "GEO"]
[WhiteClock "0:00:13"]
[BlackClock "0:00:52"]

1. d4 Nf6 2. c4 e5 3. dxe5 Ng4 4. Bf4 Bb4+ 5. Nd2 Nc6 6. Nf3 Qe7 7. e3 Ngxe5 8. Nxe5 Nxe5 9. Be2 a5 10. O-O d6 11. Nb3 b6 12. a3 Bc5 13. Qd5 Rb8 14. Nxc5 bxc5 15. Bxe5 Qxe5 16. Qxe5+ dxe5 17. Bd3 Rxb2 18. Rfb1 Rd2 19. Rb8 O-O 20. Be4 Be6 21. Rb5 Rfd8 22. h4 f5 23. Bc6 Bxc4 24. Rxc5 Bd5 25. Bxd5+ R8xd5 26. Rxc7 Rb2 27. Rac1 Rdd2 28. Re7 Kf8 29. Rcc7 Rxf2 30. Rf7+ Ke8 31. Rxg7 Kf8 32. Rcf7+ Ke8 33. Ra7 Kf8 34. Raf7+ Ke8 35. h5 h6 36. Re7+ Kf8 37. Ref7+ Ke8 38. Re7+ Kf8 39. Ref7+ Ke8 1/2-1/2